 Dungeon Crawl Stone Soup version 0.30-a0-1066-g63dfefce0d (webtiles) character file.

Game seed: 9312312831924954221

30048 mandarbmax the Zephyrmancer (level 13, -2/70 HPs)
             Began as a Tengu Air Elementalist on Apr 13, 2023.
             Was an Elder of Hepliaklqana.
             Slain by a minotaur
             ... wielding a +1 battleaxe of freezing
              (3 damage)
             ... in a Gauntlet.
             The game lasted 00:49:34 (13437 turns).

mandarbmax the Zephyrmancer (TeAE)                 Turns: 13437, Time: 00:49:35

Health: -2/70      AC: 16    Str: 11    XL:     13   Next: 49%
Magic:  15/27      EV: 19    Int: 20    God:    Hepliaklqana [****..]
Gold:   841        SH:  0    Dex: 21    Spells: 12/30 levels left

rFire   + . .      SeeInvis .    c - staff of air "Sograasch" {rElec rN+ Str-2 Dex+2 Stlth+}
rCold   + . .      Faith    .    r - orb {mayhem}
rNeg    + . .      Spirit   .    u - +3 ring mail "Varaexui" {rElec rC+ Dex+3}
rPois   +          Reflect  .    (helmet restricted)
rElec   +          Rampage  .    a - scarf {repulsion}
rCorr   .          NoTele   +    H - +3 pair of gauntlets of War {Slay+5}
Will    .....                    (boots unavailable)
Stlth   +++                      d - amulet of magic regeneration
HPRegen 0.31/turn                X - ring "Wuximyl" {AC+4 Str+5}
MPRegen 0.60/turn                G - ring "Wofufa" {Wiz rPois rF+ Will-}

@: flying quickly and evasively, repel missiles, quick
A: reduced essence, beak, talons 3, nimble flight
a: Renounce Religion, Recall Ancestor, Ancestor Identity, Transference, Idealise


You were in a Gauntlet.
You worshipped Hepliaklqana.
Hepliaklqana was greatly pleased with you.
You visited 3 branches of the dungeon, and saw 16 of its levels.
You also visited: Gauntlet and Ice Cave.

You collected 1113 gold pieces.
You spent 272 gold pieces at shops.

Inventory:

Missiles
 K - 7 throwing nets
Armour
 a - a scarf of repulsion (worn)
 h - a +0 cloak
 r - an orb of mayhem (worn)
 u - the +3 ring mail "Varaexui" (worn) {rElec rC+ Dex+3}
   (You found it on level 3 of the Dungeon)

   Dex:       It affects your dexterity (+3).
   rC:        It protects you from cold.
   rElec:     It insulates you from electricity.
 H - the +3 pair of gauntlets of War (worn) {Slay+5}
   (You found it in a Gauntlet)

   Slay:      It affects your accuracy & damage with ranged weapons and melee
   (+5).
 V - a +2 pair of gloves of hurling
Magical Staves
 c - the staff of air "Sograasch" (weapon) {rElec rN+ Str-2 Dex+2 Stlth+}
   (You acquired it on level 6 of the Dungeon)

   [staff of air]

   Base accuracy: +5 Base damage: 5 Base attack delay: 1.2 This weapon's minimum
   attack delay (0.6) is reached at skill level 12.
   Str:       It affects your strength (-2).
   Dex:       It affects your dexterity (+2).
   rElec:     It insulates you from electricity.
   rN:        It protects you from negative energy.
   Stlth:     It makes you more stealthy.
   It falls into the 'Staves' category.
   It is a one-handed weapon.
 q - a staff of conjuration
Jewellery
 d - an amulet of magic regeneration (around neck)
 t - a ring of fire
 C - a +5 ring of evasion
 G - the ring "Wofufa" (right hand) {Wiz rPois rF+ Will-}
   (You bought it in a shop on level 6 of the Dungeon)

   [ring of wizardry]

   It improves your spell success rate.
   rF:        It protects you from fire.
   rPois:     It protects you from poison.
   Will:      It decreases your willpower.
 O - a +6 ring of intelligence
 T - an amulet of reflection
 X - the ring "Wuximyl" (left hand) {AC+4 Str+5}
   (You found it in a Gauntlet)

   [ring of protection]

   AC:        It affects your AC (+4).
   Str:       It affects your strength (+5).
 Y - the ring of the Real Monster {rF+ Dex+6}
   (You found it in a Gauntlet)

   [ring of dexterity]

   Dex:       It affects your dexterity (+6).
   rF:        It protects you from fire.
Wands
 y - a wand of polymorph (6)
 A - a wand of flame (39)
 B - a wand of digging (13)
 S - a wand of roots (2)
Scrolls
 f - a scroll of blinking
 g - 5 scrolls of teleportation
 k - 3 scrolls of enchant weapon
 l - 2 scrolls of noise {unknown}
 m - 4 scrolls of fear {unknown}
 n - 3 scrolls of poison {unknown}
 p - 5 scrolls of fog {unknown}
 s - 3 scrolls of brand weapon
 D - a scroll of enchant armour
 F - 2 scrolls of amnesia {unknown}
 M - 2 scrolls of immolation
 P - 2 scrolls of silence {unknown}
 Q - a scroll of vulnerability {unknown}
 U - a scroll of identify
 W - a scroll of magic mapping
Potions
 b - a potion of magic
 e - a potion of brilliance
 i - 7 potions of curing
 j - 2 potions of ambrosia
 o - a potion of cancellation
 v - 2 potions of might
 w - 4 potions of mutation
 x - 4 potions of attraction
 z - 5 potions of heal wounds
 E - 2 potions of berserk rage
 I - 3 potions of resistance
 J - 3 potions of lignification
 L - 3 potions of haste
 R - 2 potions of invisibility
Miscellaneous
 N - a phial of floods


   Skills:
 + Level 7.7 Fighting
 + Level 4.9 Staves
 - Level 10.0 Dodging
 - Level 2.0 Stealth
 - Level 9.0 Spellcasting
 - Level 10.1 Conjurations
 - Level 14.1 Air Magic
 + Level 6.6 Invocations
 + Level 7.1 Evocations


You had 12 spell levels left.
You knew the following spells:

 Your Spells              Type           Power      Damage    Failure   Level
a - Shock                 Conj/Air       100%       1d9       1%          1
b - Static Discharge      Conj/Air       100%       2-7/arc   1%          2
c - Airstrike             Air            39%        2d(6-22)  1%          4
d - Swiftness             Air            78%        N/A       1%          3
e - Iskenderun's Battles  Conj           49%        2d10      3%          5
f - Dazzling Flash        Conj/Hex       58%        N/A       2%          3

Your spell library contained the following spells:

 Spells                   Type           Power      Damage    Failure   Level
 Silence                  Hex/Air        27%        N/A       12%         5
 Call Canine Familiar     Summ           9%         N/A       22%         3
 Portal Projectile        Hex/Tloc       18%        N/A       22%         3
 Irradiate                Conj/Tmut      14%        3d16      26%         5
 Leda's Liquefaction      Hex/Erth       4%         N/A       56%         4
 Passage of Golubria      Tloc           9%         N/A       56%         4
 Iron Shot                Conj/Erth      14%        9d4       78%         6
 Agony                    Necr           9%         N/A       87%         5
 Blade Hands              Tmut           4%         N/A       87%         5
 Dragon Form              Tmut           4%         N/A       100%        7
 Spellforged Servitor     Conj/Summ      14%        N/A       100%        7
 Lehudib's Crystal Spear  Conj/Erth      14%        10d5      100%        8


Dungeon Overview and Level Annotations

Branches:
Dungeon (10/15)            Temple (1/1) D:4            Lair (5/5) D:8
 Shoals (0/4) Lair:3        Snake (0/4) Lair:2        Slime (0/5) Lair:4
    Orc (0/2) D:10          IceCv (visited)         Gauntlet (1/1)

Altars:
Ashenzari
Cheibriados
Dithmenos
Elyvilon
Fedhas
Gozag
Hepliaklqana
Makhleb
Nemelex Xobeh
Okawaru
Qazlal
Ru
Sif Muna
Trog
Vehumet
Wu Jian
Xom
Yredelemnul
Zin
The Shining One
Jiyva

Shops:
D:6 *(

Annotations:
D:2 1 runed translucent door, Crazy Yiuf
D:6 2 transporters, bmack86's ghost, novice MiFi
Lair:3 2 transporters Gauntlet 8 transporters, 3 runed translucent doors, exclusion: lightning spire


Innate Abilities, Weirdness & Mutations

Your life essence is reduced to manifest your ancestor. (-10% HP)
You have a beak for a mouth.
You have claws for feet.
Your magical nature lets you fly swiftly and evasively.


Message History

The minotaur throws a javelin.
The javelin pierces through Keminub.
The javelin pierces through you!!
Keminub hits the minotaur with a +0 flail.
Casting: Shock (safe; 1% risk of failure)
Confirm with . or Enter, or press ? or * to list all spells.
Aiming: Shock (safe; 1% risk of failure)
Press: ? - help, Shift-Dir - straight line, f/p - minotaur
Aim: a minotaur, wielding a +1 battleaxe of freezing, wearing a +10 plate armour of ponderousness, wearing a +4 ring of protection and quivering javelins (moderately wounded, ally target, 88% to hit)
You feel a surge of power! Keminub avoids your attack.
The zap misses the minotaur.
The zap hits the minotaur but does no damage.
The minotaur is moderately wounded.
The minotaur hits Keminub with a +1 battleaxe of freezing!!
The minotaur freezes Keminub.
Keminub blocks the minotaur's attack.
Unknown command.
Casting: Shock (safe; 1% risk of failure)
Confirm with . or Enter, or press ? or * to list all spells.
Aiming: Shock (safe; 1% risk of failure)
Press: ? - help, Shift-Dir - straight line, f/p - minotaur
Aim: a minotaur, wielding a +1 battleaxe of freezing, wearing a +10 plate armour of ponderousness, wearing a +4 ring of protection and quivering javelins (moderately wounded, ally target, 88% to hit)
You feel a surge of power! Keminub avoids your attack.
The zap hits the minotaur but does no damage.
The minotaur is moderately wounded.
The zap hits the minotaur but does no damage.
The minotaur is moderately wounded.
Unknown command.
Hepliaklqana grants Keminub healing and protection!
Keminub is healed somewhat.
You no longer drain nearby creatures when transferring your ancestor.
Keminub hits the minotaur with a +0 flail.
The minotaur hits you with a +1 battleaxe of freezing!!
The minotaur freezes you.
Keminub blocks the minotaur's attack.
The minotaur gores you but does no damage.
Okay, then.
Hepliaklqana grants Keminub healing and protection!
Keminub is fully restored!
The minotaur hits you with a +1 battleaxe of freezing!!
* * * LOW HITPOINT WARNING * * *
The minotaur freezes you.
You die...

##### ≈≈≈≈ ≈∩≈ ... ###.## ..R.
#######H####### #...*..@......#
#.###.###.###.# #.###.###.###.#
#.............# ###.###.###.##
###.###.###.### #.............#
##...©.©.©...##
############..8.8.8..############


You could see the friendly Keminub the knight (idealised), a minotaur (ally
target) and a friendly battlesphere.

Vanquished Creatures
  2 hydras
  A death yak (Lair:4)
  A two-headed ogre (D:9)
  Amaemon (D:8)
  A skyshark (Lair:3)
  A wolf spider (Lair:4)
  3 elephants
  2 black mambas
  An orange demon (D:8)
  4 cane toads
  5 komodo dragons
  5 rime drakes
  5 trolls (D:10)
  A polar bear (Lair:5)
  Prince Ribbit (D:5)
  4 blink frogs (Lair:1)
  3 slime creatures (D:8)
  18 yaks
  3 wyverns
  A fire elemental (Gauntlet)
  Grum (D:8)
  2 basilisks
  4 nagas (Lair:2)
  10 water moccasins
  A hell hound (Gauntlet)
  An ice beast (D:6)
  2 sky beasts
  An orc warrior (D:8)
  A swamp drake (D:8)
  2 black bears
  2 ogres
  12 wolves
  4 centaurs
  2 phantoms (D:5)
  3 kobold brigands
  6 bullfrogs
  2 gnoll sergeants (D:8)
  4 wights (D:7)
  4 electric eels
  A howler monkey (D:6)
  10 hounds
  3 orc priests
  2 gnoll boudas
  2 sleepcaps
  An iguana (D:6)
  3 orc wizards
  A polar bear simulacrum (IceCv)
  A wolf simulacrum (IceCv)
  16 gnolls
  10 adders
  A white imp (D:5)
  2 worms
  A dart slug (D:3)
  22 orcs
  7 ball pythons
  4 bats
  An endoplasm (D:4)
  A giant cockroach (D:1)
  7 hobgoblins
  12 jackals
  4 quokkas
  7 frilled lizards
  15 kobolds
  5 rats
266 creatures vanquished.

Vanquished Creatures (collateral kills)
  A blizzard demon (Gauntlet)
  A hydra (Lair:4)
  A death yak (Lair:4)
  An ugly thing (IceCv)
  5 elephants
  A black mamba (Lair:3)
  A cane toad (Lair:3)
  A rime drake (Lair:2)
  An efreet (Gauntlet)
  2 komodo dragons
  A blink frog (Lair:1)
  10 yaks
  2 wyverns (D:8)
  An orc warrior (D:10)
  2 wolves (Lair:3)
  3 gnoll sergeants (D:8)
  An elephant simulacrum (IceCv)
  2 jellies (D:6)
  A gnoll bouda (D:8)
  A hound (D:8)
  An orc wizard (D:7)
  An ancestor (D:7)
  2 knights
  9 gnolls
  A shadow imp (D:7)
  2 kobolds (D:7)
55 creatures vanquished.

Vanquished Creatures (others)
  A wolf spider (Lair:4)
  A yak (Lair:2)
  2 wolves
  An orc priest (D:5)
  5 knights
  2 orcs
  A kobold (D:9)
  10 fungi
  38 plants
61 creatures vanquished.

Grand Total: 382 creatures vanquished

Notes
Turn   | Place    | Note
-------+----------+-------------------------------------------
     0 | D:1      | mandarbmax the Tengu Air Elementalist began the quest for
                  | the Orb.
     0 | D:1      | Reached XP level 1. HP: 10/10 MP: 4/4
   181 | D:1      | Reached XP level 2. HP: 15/15 MP: 4/6
   325 | D:1      | Found a faded altar of an unknown god.
   907 | D:2      | Reached XP level 3. HP: 19/19 MP: 5/7
   939 | D:2      | Found a runed translucent door.
   940 | D:2      | Noticed Crazy Yiuf
  1086 | D:2      | Learned a level 2 spell: Static Discharge
  1679 | D:3      | Reached XP level 4. HP: 24/24 MP: 5/9
  1700 | D:3      | Found a bloodstained altar of Trog.
  1739 | D:3      | Identified the +3 ring mail "Varaexui" {rElec rC+ Dex+3}
  1760 | D:3      | Learned a level 4 spell: Airstrike
  2115 | D:4      | Reached skill level 5 in Air Magic
  2301 | D:4      | Gained mutation: Your magical nature lets you fly swiftly
                  | and evasively. [Tengu growth]
  2301 | D:4      | Reached XP level 5. HP: 28/28 MP: 6/10
  2536 | D:4      | Found a staircase to the Ecumenical Temple.
  2538 | D:4      | Noticed an ogre
  2560 | D:4      | Killed an ogre
  2561 | D:4      | Reached skill level 6 in Air Magic
  2561 | D:4      | Reached XP level 6. HP: 32/32 MP: 9/11
  2583 | Temple   | Entered the Ecumenical Temple
  2638 | Temple   | Became a worshipper of Hepliaklqana the Forgotten
  2882 | D:5      | Entered Level 5 of the Dungeon
  2897 | D:5      | Reached skill level 5 in Conjurations
  2915 | D:5      | Reached skill level 7 in Air Magic
  3008 | D:5      | Noticed Prince Ribbit
  3015 | D:5      | Killed Prince Ribbit
  3016 | D:5      | Reached skill level 8 in Air Magic
  3016 | D:5      | Reached XP level 7. HP: 25/36 MP: 1/12
  3219 | D:5      | Reached skill level 9 in Air Magic
  3302 | D:5      | Reached XP level 8. HP: 24/41 MP: 7/13
  3737 | D:6      | Found Hoasoann's Antique Weapon Boutique.
  3756 | D:6      | Reached * piety under Hepliaklqana
  3832 | D:6      | Reached skill level 10 in Air Magic
  3946 | D:6      | Found a transporter.
  3950 | D:6      | Noticed bmack86's ghost (novice MiFi)
  3961 | D:6      | Reached skill level 11 in Air Magic
  4017 | D:6      | Found Facoagy's Assorted Antiques.
  4028 | D:6      | Bought a scintillating brass ring for 110 gold pieces
  4028 | D:6      | Identified the ring "Wofufa" {Wiz rPois rF+ Will-} (You
                  | bought it in a shop on level 6 of the Dungeon)
  4028 | D:6      | Bought a pair of gloves for 99 gold pieces
  4028 | D:6      | Bought a scroll labelled MEFUTH PERAO for 22 gold pieces
  4028 | D:6      | Bought a viscous emerald potion for 19 gold pieces
  4035 | D:6      | Learned a level 3 spell: Swiftness
  4117 | D:6      | Reached XP level 9. HP: 40/40 MP: 2/14
  4186 | D:6      | Found a transporter.
  4368 | D:7      | Reached skill level 12 in Air Magic
  4497 | D:7      | Reached skill level 1 in Fighting
  4789 | D:7      | Found a sparkling altar of Nemelex Xobeh.
  5003 | D:7      | Found a shimmering altar of Xom.
  5109 | D:6      | Bought a scroll labelled FODECR DIUVA for 22 gold pieces
  5114 | D:6      | Identified a scroll of acquirement
  5124 | D:6      | Acquired the staff of air "Sograasch" {rElec rN+ Str-2
                  | Dex+2 Stlth+}
  5164 | D:8      | Reached ** piety under Hepliaklqana
  5167 | D:8      | Noticed an orange demon
  5423 | D:8      | Reached skill level 1 in Evocations
  5428 | D:8      | Remembered your ancestor Keminub as a knight
  5433 | D:8      | Reached skill level 1 in Invocations
  5582 | D:8      | Reached XP level 10. HP: 43/50 MP: 6/17
  5746 | D:8      | Reached skill level 13 in Air Magic
  5752 | D:8      | Noticed Amaemon
  5760 | D:8      | Killed Amaemon
  5762 | D:8      | Killed an orange demon
  5964 | D:8      | Noticed Grum
  5973 | D:8      | Killed Grum
  5974 | D:8      | Reached skill level 5 in Dodging
  6359 | D:8      | Reached skill level 5 in Spellcasting
  6438 | D:8      | Found a staircase to the Lair.
  6975 | D:9      | Reached XP level 11. HP: 55/55 MP: 15/20
  6976 | D:9      | Reached skill level 5 in Fighting
  7088 | D:9      | Noticed a two-headed ogre
  7112 | D:9      | Killed a two-headed ogre
  7263 | D:10     | Entered Level 10 of the Dungeon
  7296 | D:10     | Reached *** piety under Hepliaklqana
  7375 | D:10     | Found a staircase to the Orcish Mines.
  7819 | D:10     | Reached skill level 14 in Air Magic
  8143 | Lair:1   | Entered Level 1 of the Lair of Beasts
  8201 | Lair:1   | Reached skill level 5 in Evocations
  8223 | Lair:1   | Reached **** piety under Hepliaklqana
  8963 | Lair:1   | Reached skill level 5 in Invocations
  9167 | Lair:1   | Reached skill level 1 in Staves
  9210 | Lair:2   | Reached XP level 12. HP: 63/63 MP: 19/23
  9290 | Lair:2   | Found a frozen archway.
  9324 | IceCv    | Entered an ice cave
  9492 | IceCv    | Found a transporter.
  9502 | IceCv    | Found a transporter.
  9546 | Lair:2   | Found a staircase to the Snake Pit.
  9564 | Lair:2   | Learned a level 5 spell: Iskenderun's Battlesphere
 10265 | Lair:3   | Noticed an eight-headed hydra
 10271 | Lair:3   | Killed an eight-headed hydra
 10445 | Lair:3   | Found a transporter.
 10445 | Lair:3   | Found a transporter.
 10445 | Lair:3   | Noticed a boulder beetle
 10588 | Lair:3   | Noticed a skyshark
 10593 | Lair:3   | Killed a skyshark
 10751 | Lair:3   | Found a staircase to the Shoals.
 11406 | Lair:4   | Reached ***** piety under Hepliaklqana
 11458 | Lair:4   | Reached XP level 13. HP: 68/68 MP: 18/26
 11462 | Lair:4   | Learned a level 3 spell: Dazzling Flash
 11485 | Lair:4   | Found a viscous altar of Jiyva.
 11485 | Lair:4   | Found a staircase to the Slime Pits.
 12050 | Lair:4   | Reached skill level 10 in Conjurations
 12833 | Lair:5   | Entered Level 5 of the Lair of Beasts
 12833 | Lair:5   | Found a gate leading to a gauntlet.
 12844 | Lair:5   | Reached skill level 10 in Dodging
 12887 | Gauntlet | Entered a Gauntlet
 12887 | Gauntlet | Found a transporter.
 12969 | Gauntlet | Noticed a blizzard demon
 13010 | Gauntlet | Found a transporter.
 13025 | Gauntlet | Found a runed translucent gate.
 13027 | Gauntlet | Found a runed translucent gate.
 13027 | Gauntlet | Found a transporter.
 13029 | Gauntlet | Found a runed translucent gate.
 13031 | Gauntlet | Found a transporter.
 13041 | Gauntlet | Found a transporter.
 13061 | Gauntlet | Found a transporter.
 13064 | Gauntlet | Found a transporter.
 13068 | Gauntlet | Found a transporter.
 13079 | Gauntlet | Found the +3 pair of gauntlets of War {Slay+5}
 13118 | Gauntlet | Found a transporter.
 13118 | Gauntlet | Found a transporter.
 13121 | Gauntlet | Found a transporter.
 13155 | Gauntlet | Found a transporter.
 13220 | Gauntlet | Killed a blizzard demon
 13367 | Gauntlet | Identified the ring "Wuximyl" {AC+4 Str+5}
 13373 | Gauntlet | Identified the ring of the Real Monster {rF+ Dex+6}
 13427 | Gauntlet | Noticed a minotaur
 13437 | Gauntlet | HP: 1/70 [minotaur/+1 battleaxe of freezing (23)]
 13437 | Gauntlet | Slain by a minotaur

Illustrated notes

Levels and vault maps discovered:
D:1:      minmay_arrival_five_plusses, layout_basic,
          chequers_ecumenical_altar_island, minmay_pentomino_o2
D:2:      layout_basic, uniq_crazy_yiuf_cottage
D:3:      layout_basic, lemuel_crystal_altar, minmay_misc_feat_hallway
D:4:      layout_loops_ring, minmay_temple_entry_drinking_statues
D:5:      layout_gridville, uniq_prince_ribbit1
D:6:      layout_rooms, gammafunk_ghost_stat_death, serial_shops,
          nicolae_shop_temple_entry_statues_fountains, shop, minivault_19
D:7:      layout_rooms, mainiacjoe_overflow_catwalk_spiral
D:8:      layout_cave_pools, erik_lair_dragon, serial_gnoll_camp,
          gnoll_camp_mini_loothouse, gnoll_camp_medium_02, grums_kennel,
          gnoll_camp_mini_basic, gnoll_camp_huts_basic, uniq_amaemon
D:9:      layout_long_grid, item_on_display_a
D:10:     lemuel_troll_bridge, layout_irregular_city
Temple:   nicolae_temple_bog_church
Lair:1:   layout_loops_ring, serial_bayou_pond_a
Lair:2:   layout_big_grid, minmay_snake_entry_guardpost_small,
          portal_ice_cave_rime, nicolae_quartered_pool_super
Lair:3:   gammafunk_boulding_lane, layout_chaotic_city,
          elwin_shoals_entry_rocks, serial_bayou, serial_bayou_shore_a,
          serial_bayou_lagoon_b, serial_bayou_shore_b, serial_bayou_pond_c,
          serial_bayou_pond_d, serial_bayou_shore_b
Lair:4:   layout_hall_layers, dpeg_slime_entry_enclosed, minmay_holes,
          nicolae_lair_run_with_the_wolves
Lair:5:   minmay_lair_end_enchanted_forest, layout_misc_corridors,
          gauntlet_entry_generic, infiniplex_staircase_pool_2
Gauntlet: minmay_gauntlet_mixed_oops_all_seconds
          [minmay_gauntlet_arena_77_hold_the_fort,
          gammafunk_gauntlet_arena_crates, minmay_gauntlet_arena_77_run_for_it,
          gammafunk_gauntlet_arena_mazey, minmay_gauntlet_arena_77_double_cross,
          nicolae_gauntlet_arena_flowing_pool, gauntlet_exit_watery]

Skill      XL: |  1  2  3  4  5  6  7  8  9 10 11 12 13 |
---------------+----------------------------------------+-----
Conjurations   | 2 3 4 6 8 9 10 | 10.1
Spellcasting   | 3 4 5 6 8 9 |  9.0
Air Magic      | 5 6 8 9 11 12 13 14 | 14.1
Fighting       | 3 4 6 7 |  7.7
Dodging        | 4 5 7 9 10 | 10.0
Evocations     | 2 4 5 6 7 |  7.1
Invocations    | 1 3 5 6 |  6.6
Staves         | 1 3 4 |  4.9
Stealth        | |  2.0

Action                     |  1- 3 |  4- 6 |  7- 9 | 10-12 | 13-15 || total
---------------------------+-------+-------+-------+-------+-------++-------
  Melee: Staff             |       |     4 |    28 |     4 |     1 ||    37
         Kick              |       |     2 |       |     3 |     1 ||     6
         Peck              |       |     1 |       |       |       ||     1
   Cast: Shock             |    81 |    44 |   106 |   284 |    81 ||   596
         Static Discharge  |       |     5 |    14 |    34 |    17 ||    70
         Airstrike         |       |     7 |    52 |    97 |    11 ||   167
         Iskenderun's Batt |       |       |       |    24 |    22 ||    46
         Dazzling Flash    |       |       |       |       |     3 ||     3
 Invoke: Recall Ancestor   |       |       |     3 |     7 |     6 ||    16
         Ancestor Life: Kn |       |       |     1 |       |       ||     1
         Transference      |       |       |       |     1 |     1 ||     2
         Idealise          |       |       |       |       |     3 ||     3
  Evoke: Wand              |       |       |     3 |       |       ||     3
    Use: Scroll            |       |       |    15 |     8 |     3 ||    26
         Potion            |       |       |     4 |     2 |       ||     6
   Stab: Sleeping          |       |     1 |       |       |       ||     1
 Armour: Ring mail         |       |     5 |    50 |    14 |    12 ||    81
  Dodge: Dodged            |     9 |    14 |    89 |    83 |    75 ||   270
         Repelled          |       |       |     1 |     1 |     1 ||     3

Table legend: (Time is in decaauts)
 A = Elapsed time spent in this place.
 B = Non-inter-level travel time spent in this place.
 C = Inter-level travel time spent in this place.
 D = Time resting spent in this place.
 E = Time spent auto-exploring this place.
 F = Levels seen in this place.
 G = Mean time per level.
                   A        B        C        D        E       F      G
               +--------+--------+--------+--------+--------+-----+--------+
         Total |  12758 |  12139 |    619 |    895 |   9029 |  18 |  708.8 |
       Dungeon |   7690 |   7246 |    444 |    184 |   5891 |  10 |  769.0 |
        Temple |     69 |     44 |     25 |      0 |     36 |   1 |   69.0 |
          Lair |   4281 |   4132 |    149 |    434 |   2963 |   5 |  856.2 |
      Ice Cave |    194 |    194 |      0 |    151 |      5 |   1 |  194.0 |
      Gauntlet |    523 |    523 |      0 |    126 |    132 |   1 |  523.0 |
               +--------+--------+--------+--------+--------+-----+--------+

Top non-repeatable levels by time:
     D:8: 1294 daAuts
  Lair:3: 1271 daAuts
  Lair:4: 1220 daAuts
  Lair:1: 984 daAuts
     D:7: 880 daAuts
     D:1: 847 daAuts
     D:2: 814 daAuts
     D:5: 799 daAuts
  Lair:2: 753 daAuts
    D:10: 728 daAuts
     D:4: 651 daAuts
     D:9: 621 daAuts
     D:6: 601 daAuts
Gauntlet: 523 daAuts
     D:3: 452 daAuts
